AoeStats
← SIN_Crowo

Oasis

507327022Analyzed
4v4 RM · 14d ago on Sep 17, 2026· 52m 30s· 8 players
Game mode
Random Map
Map size
Large (8 player)
Population
200
Speed
Normal
Resources
Standard
Victory
Conquest
Starting age
Dark Age
Ending age
Imperial Age
RankedLock teamsTeams togetherTeam positionsShared explorationLock speedFull tech treeHidden civsTurbo modeCheats
Victory
Defeat
🇩🇪 Italians · Germany
855
+14
🇩🇪 Teutons · Germany
836
+14
🇩🇪 Chinese · Germany
809
+15
🇩🇪 Lithuanians · Germany
772
+17
🇪🇪 Inca · Estonia
862
-17
🇪🇪 Wei · Estonia
860
-18
🇪🇪 Tatars · Estonia
754
-13
🇪🇪 Britons · Estonia
722
-12
Franz
2:34 Loom
11:14 Feudal Age
11:49 Town Watch
12:46 Double-Bit Axe
12:45 Horse Collar
20:44 Castle Age
19:34 Stone Mining
20:16 Gold Mining
20:20 Fletching
20:38 Scale Barding Armor
21:30 Heavy Plow
21:44 Bow Saw
21:50 Crossbowman
21:51 Elite Skirmisher
23:29 Husbandry
27:18 Wheelbarrow
26:46 Town Patrol
27:45 Forging
27:13 Pikeman
30:25 Ballistics
30:01 Murder Holes
32:41 Squires
33:08 Chain Barding Armor
32:44 Bodkin Arrow
33:27 Iron Casting
36:46 Elite Skirmisher
39:02 Hand Cart
38:37 Treadmill Crane
43:09 Gold Shaft Mining
47:05 Imperial Age
44:42 Scale Mail Armor
45:03 Bloodlines
50:12 Chemistry
49:29 Fortified Wall
49:45 Conscription
48:52 Elite Keshik
50:15 Plate Barding Armor
49:41 Bracer
Lillek3
0:36 Loom
12:39 Feudal Age
13:10 Arson
12:49 Champi Runner
15:35 Arson
25:19 Castle Age
24:12 Forging
24:03 Scale Mail Armor
24:22 Double-Bit Axe
24:29 Stone Mining
24:20 Horse Collar
26:48 Bow Saw
27:58 Iron Casting
27:39 Chain Mail Armor
30:12 Thumb Ring
29:28 Elite Skirmisher
33:55 Gold Mining
34:41 Stone Shaft Mining
36:43 Masonry
36:54 Ballistics
36:30 Murder Holes
37:06 Andean Sling
38:54 Padded Archer Armor
38:45 Fletching
43:18 Imperial Age
42:11 Wheelbarrow
42:19 Wheelbarrow
42:18 Leather Archer Armor
41:59 Bodkin Arrow
42:42 Squires
43:33 Elite Kamayuk
52:23 Blast Furnace
51:54 Plate Mail Armor
Pickle
0:37 Loom
11:51 Feudal Age
13:56 Double-Bit Axe
15:13 Wheelbarrow
16:20 Town Watch
20:45 Forging
23:57 Castle Age
22:41 Scale Barding Armor
23:17 Stone Mining
23:17 Gold Mining
23:43 Scale Mail Armor
24:53 Fletching
26:37 Hand Cart
28:44 Iron Casting
29:52 Murder Holes
33:10 Town Patrol
34:02 Chain Barding Armor
33:55 Bloodlines
34:26 Ballistics
34:36 Husbandry
maarisvarrik
0:29 Loom
12:40 Feudal Age
13:36 Double-Bit Axe
13:46 Horse Collar
17:39 Gold Mining
19:20 Wheelbarrow
20:09 Fletching
23:11 Castle Age
21:08 Fletching
22:22 Padded Archer Armor
22:13 Town Watch
23:18 Elite Skirmisher
24:28 Bodkin Arrow
24:50 Leather Archer Armor
26:11 Crossbowman
26:43 Pikeman
27:23 Squires
32:26 Heavy Plow
34:43 Bow Saw
38:18 Imperial Age
39:25 Conscription
39:14 Arbalester
43:02 Two-Man Saw
43:05 Ring Archer Armor
43:30 Town Patrol
44:22 Gold Shaft Mining
43:37 Stone Mining
46:29 Hand Cart
47:10 Ballistics
50:17 Chemistry
BLAZE OF GLORY
6:09 Loom
11:52 Feudal Age
14:39 Double-Bit Axe
18:27 Castle Age
16:40 Scale Barding Armor
16:24 Horse Collar
27:25 Pikeman
27:50 Arson
28:06 Squires
33:10 Forging
40:52 Imperial Age
40:22 Heavy Plow
40:33 Bow Saw
41:00 Wheelbarrow
40:52 Squires
40:38 Gambesons
41:58 Conscription
41:50 Town Watch
42:42 Caravan
45:44 Chemistry
45:16 Halberdier
46:47 Heavy Scorpion
51:15 Crenellations
53:07 Two-Man Saw
52:37 Crop Rotation
52:45 Iron Casting
52:10 Scale Mail Armor
52:34 Ballistics
53:07 Ironclad
53:18 Chain Barding Armor
Manolo
0:35 Loom
12:28 Feudal Age
13:24 Double-Bit Axe
13:24 Horse Collar
15:15 Wheelbarrow
14:47 Fletching
14:58 Padded Archer Armor
17:59 Gold Mining
23:49 Castle Age
21:55 Stone Mining
24:51 Bow Saw
24:44 Heavy Plow
25:01 Hand Cart
26:08 Leather Archer Armor
28:07 Thumb Ring
29:25 Gold Shaft Mining
29:43 Bodkin Arrow
32:47 Ballistics
33:02 Crossbowman
40:21 Arson
40:38 Squires
41:32 Elite Skirmisher
42:39 Great Wall
45:20 Imperial Age
43:46 Caravan
45:55 Stone Shaft Mining
46:58 Conscription
46:04 Elite Chu Ko Nu
47:11 Rocketry
49:17 Bracer
49:48 Ring Archer Armor
51:22 Arbalester
51:25 Heavy Cavalry Archer
Siggos
3:44 Loom
11:43 Feudal Age
16:41 Castle Age
14:46 Double-Bit Axe
16:04 Forging
15:47 Fletching
20:05 Wheelbarrow
21:53 Bodkin Arrow
22:34 Padded Archer Armor
23:44 Ballistics
24:01 Horse Collar
24:29 Crossbowman
26:37 Leather Archer Armor
26:16 Town Watch
27:30 Hand Cart
27:48 Scale Mail Armor
31:53 Murder Holes
32:28 Chain Mail Armor
32:45 Forging
32:50 Heavy Plow
33:25 Thumb Ring
36:05 Imperial Age
33:49 Squires
33:35 Arson
34:49 Town Patrol
36:09 Iron Casting
36:50 Bracer
38:23 Chemistry
38:08 Plate Mail Armor
38:33 Hoardings
39:13 Crop Rotation
39:55 Blast Furnace
39:45 Conscription
40:12 Bow Saw
41:59 Two-Man Saw
40:40 Arbalester
41:59 Scale Barding Armor
42:02 Elite Genoese Crossbowman
44:16 Ring Archer Armor
44:38 Chain Barding Armor
44:39 Pikeman
47:57 Bloodlines
47:48 Husbandry
47:10 Light Cavalry
49:30 Hussar
51:38 Plate Barding Armor
SIN_Crowo
11:32 Feudal Age
12:02 Horse Collar
14:11 Double-Bit Axe
18:27 Wheelbarrow
19:18 Gold Mining
22:25 Castle Age
22:33 Scale Barding Armor
26:09 Heavy Plow
26:32 Bow Saw
27:42 Hand Cart
28:03 Chain Barding Armor
31:02 Pikeman
31:58 Stone Mining
35:46 Masonry
35:49 Fortified Wall
41:35 Imperial Age
39:50 Caravan
43:30 Plate Barding Armor
42:22 Cavalier
44:22 Two-Man Saw
44:01 Stone Shaft Mining
45:01 Halberdier
46:36 Scale Mail Armor
46:00 Paladin
50:31 Elite Leitis
52:07 Chain Mail Armor
51:52 Padded Archer Armor
52:37 Crop Rotation
Connection lost

Rejoining the realm…

Still unreachable

The connection could not be restored.

Session expired

The server has moved on; the page needs a fresh start.